 Dungeon Crawl Stone Soup version 0.30.0-5-g1a98f26d00 (webtiles) character file.

Game seed: 5630545630420717885

9044 MacCMillion the Severer (level 11, -1/97 HPs)
             Began as a Minotaur Fighter on May 9, 2023.
             Was a Priest of Qazlal.
             Slain by a skeletal warrior
             ... wielding a +0 battleaxe
              (19 damage)
             ... on level 10 of the Dungeon.
             The game lasted 00:16:43 (10676 turns).

MacCMillion the Severer (Minotaur Fighter)         Turns: 10676, Time: 00:16:43

Health: -1/97      AC: 14    Str: 24    XL:     11   Next: 17%
Magic:  14/14      EV:  7    Int:  5    God:    Qazlal [***...]
Gold:   698        SH:  9    Dex: 11    Spells: 10/10 levels left

rFire   + . .        a - +0 war axe
rCold   + . .        c - +0 buckler
rNeg    . . .        l - +0 plate armour
rPois   .            (helmet restricted)
rElec   .            (no cloak)
rCorr   .            (no gloves)
SInv    .            (no boots)
Will    .....        (no amulet) Stlth
                     r - ring of protection from fire
HPRegen 0.36/turn    s - ring of protection from cold
MPRegen 0.14/turn

%: no passive effects
@: no status effects
A: horns 2, retaliatory headbutt
a: Renounce Religion, Upheaval, Elemental Force


You were on level 10 of the Dungeon.
You worshipped Qazlal.
Qazlal was most pleased with you.
You visited 1 branch of the dungeon, and saw 10 of its levels.
You also visited: Ossuary.

You collected 698 gold pieces.

Inventory:

Hand Weapons
 a - a +0 war axe (weapon)
 y - a +5 dire flail of protection
Missiles
 z - 41 poisoned darts (quivered)
 A - 9 boomerangs
 E - a curare-tipped dart
 M - a throwing net
Armour
 c - a +0 buckler (worn)
 l - a +0 plate armour (worn)
 K - the +1 pair of boots of the Little Devil {Harm rF- Int+2 Dex+2}
   (You found it on level 8 of the Dungeon)

   Int:       It affects your intelligence (+2).
   Dex:       It affects your dexterity (+2).
   rF:        It makes you vulnerable to fire.
   Harm:      It increases damage dealt and taken.
Jewellery
 r - a ring of protection from fire (left hand)
 s - a ring of protection from cold (right hand)
 v - a +4 ring of protection
 O - a ring of wizardry
 P - the ring "Zaipp" {Ice rN+ rCorr Int+4}
   (You took it off an orc on level 9 of the Dungeon)

   [ring of ice]

   It enhances your ice magic.
   Int:       It affects your intelligence (+4).
   rF:        It makes you vulnerable to fire.
   rC:        It protects you from cold.
   rN:        It protects you from negative energy.
   rCorr:     It protects you from acid and corrosion.
Wands
 w - a wand of quicksilver (7)
 F - a wand of mindburst (22)
 G - a wand of flame (2)
 Q - a wand of roots (4)
Scrolls
 f - 2 scrolls of silence {unknown}
 g - 2 scrolls of brand weapon {unknown}
 h - a scroll of vulnerability {unknown}
 k - 3 scrolls of noise {unknown}
 m - 10 scrolls of identify {unknown}
 o - 2 scrolls of magic mapping {unknown}
 t - a scroll of immolation {unknown}
 B - 6 scrolls of teleportation {unknown}
 D - 4 scrolls of fear {unknown}
 H - a scroll of torment {unknown}
 I - a scroll of enchant weapon {unknown}
 J - a scroll of enchant armour {unknown}
 N - a scroll of butterflies {unknown}
Potions
 b - a potion of ambrosia {unknown}
 d - 5 potions of might
 e - 3 potions of degeneration {unknown}
 i - 3 potions of heal wounds {unknown}
 j - 5 potions of attraction {unknown}
 n - 10 potions of curing
 p - 2 potions of flight {unknown}
 q - 4 potions of haste {unknown}
 u - 3 potions of cancellation {unknown}
 x - 2 potions of brilliance {unknown}
 C - a potion of invisibility {unknown}
 L - a potion of magic {unknown}
 R - 2 potions of mutation {unknown}


   Skills:
 + Level 9.6 Fighting
 * Level 15.6 Axes
 - Level 9.0 Armour
 - Level 4.0 Shields
 + Level 5.4 Invocations


You had 10 spell levels left.
You didn't know any spells.
Your spell library contained the following spells:

 Spells                   Type           Power      Damage    Failure   Level
 Animate Dead             Necr           0%         N/A       100%        4
 Haunt                    Necr/Summ      0%         N/A       100%        7
 Infestation              Necr           0%         N/A       100%        8


Dungeon Overview and Level Annotations

Branches:
Dungeon (10/15)              Lair (0/5) D:10        Ossuary (visited)
 Temple: D:4-7          Orc: D:9-12

Altars:
Fedhas
Makhleb
Nemelex Xobeh
Qazlal
Ru
Sif Muna
Yredelemnul

Annotations:
D:4 Sigmund


Innate Abilities, Weirdness & Mutations

You have a pair of horns on your head.
You reflexively headbutt those who attack you in melee.


Message History

The skeletal warrior hits you but does no damage.
You slash the skeletal warrior!
You headbutt the skeletal warrior, but do no damage.
The skeletal warrior is heavily damaged.
You hit the skeletal warrior but do no damage.
You closely miss the skeletal warrior. You barely miss the skeletal warrior.
Your headbutt misses the skeletal warrior.
You hit the skeletal warrior but do no damage.
You barely miss the skeletal warrior.
The skeletal warrior hits you with a +0 mace.
You block the skeletal warrior's attack. x2
You slash the skeletal warrior!
You headbutt the skeletal warrior, but do no damage.
The skeletal warrior is lightly damaged.
You hit the skeletal warrior but do no damage. x2
You block the skeletal warrior's attack.
The skeletal warrior barely misses you.
You block the skeletal warrior's attack.
You barely miss the skeletal warrior. You headbutt the skeletal warrior.
The skeletal warrior is lightly damaged.
You barely miss the skeletal warrior.
You completely miss the skeletal warrior.
The skeletal warrior hits you but does no damage.
You block the skeletal warrior's attack.
The skeletal warrior hits you with a +0 battleaxe!!
You hit the skeletal warrior but do no damage.
You headbutt the skeletal warrior, but do no damage.
The skeletal warrior is lightly damaged.
You barely miss the skeletal warrior. You closely miss the skeletal warrior.
You barely miss the skeletal warrior.
You headbutt the skeletal warrior, but do no damage.
The skeletal warrior is lightly damaged.
You hit the skeletal warrior but do no damage. x2
The skeletal warrior hits you with a +0 mace!!
* * * LOW HITPOINT WARNING * * *
The skeletal warrior hits you with a +0 battleaxe.
* * * LOW HITPOINT WARNING * * *
The skeletal warrior hits you with a +0 battleaxe!!
You die...

... ..#### #....#
#....### #......#
#......## #.......#
#zzz....# .
#####.@.....# ..
#.>##☼.....##
...########.###......#
.....................#
.....................#
######.####'#........#
#.#....#........#
#.#....#........#
#.#....#........#


You could see 3 skeletal warriors.

Vanquished Creatures
  A two-headed ogre (D:8)
  2 kobold demonologists (D:6)
  2 trolls
  Prince Ribbit (D:6)
  A hornet (D:7)
  A wyvern (D:10)
  A wraith (D:9)
  17 yaks
  Edmund (D:4)
  2 acid dragons
  2 water moccasins
  A sky beast (D:7)
  2 ice beasts
  2 orc warriors (D:7)
  3 centaurs
  A phantom (D:5)
  2 bullfrogs
  5 kobold brigands
  A gnoll sergeant (D:9)
  4 scorpions (D:6)
  A necrophage (D:5)
  22 wights
  3 killer bees (D:10)
  2 howler monkeys
  A lava snake (D:10)
  3 hounds
  A jelly (D:4)
  3 human zombies (Ossuary)
  An iguana (D:4)
  5 orc wizards
  A sleepcap (D:7)
  Natasha (thrice) (D:3)
  3 hound zombies (Ossuary)
  A hound skeleton (D:5)
  3 mummies (Ossuary)
  13 gnolls
  8 adders
  2 shadow imps
  3 ufetubi
  7 adder zombies (Ossuary)
  2 worms
  4 dart slugs (D:1)
  21 orcs
  5 ball pythons
  3 bats
  6 endoplasms
  4 giant cockroaches
  A gnoll zombie (Ossuary)
  9 goblins
  3 hobgoblins
  2 jackals (D:2)
  6 quokkas
  6 frilled lizards
  3 goblin zombies (Ossuary)
  4 hobgoblin zombies (Ossuary)
  4 jackal zombies (Ossuary)
  14 kobolds
  2 orc zombies (Ossuary)
  3 quokka zombies (Ossuary)
  6 rats (D:1)
  4 rat zombies (Ossuary)
250 creatures vanquished.

Notes
Turn   | Place    | Note
-------+----------+-------------------------------------------
     0 | D:1      | MacCMillion the Minotaur Fighter began the quest for the
                  | Orb.
     0 | D:1      | Reached XP level 1. HP: 19/19 MP: 0/0
    54 | D:1      | Reached XP level 2. HP: 26/26 MP: 1/1
   100 | D:1      | Reached skill level 3 in Axes
   410 | D:1      | Reached XP level 3. HP: 31/31 MP: 2/2
   415 | D:1      | Reached skill level 4 in Axes
  1007 | D:2      | Reached skill level 5 in Axes
  1007 | D:2      | Reached XP level 4. HP: 33/39 MP: 3/3
  1193 | D:2      | Identified the +7 dagger "Zuokhlibo" {venom, rF+ rN+ Int-3
                  | SInv}
  1420 | D:3      | Noticed Natasha
  1430 | D:3      | Killed Natasha
  1431 | D:3      | Reached skill level 6 in Axes
  1431 | D:3      | Reached XP level 5. HP: 35/45 MP: 4/4
  1731 | D:3      | Noticed Natasha
  1739 | D:3      | Killed Natasha
  1974 | D:3      | Noticed Natasha
  1984 | D:3      | Killed Natasha
  1985 | D:3      | Reached skill level 7 in Axes
  2446 | D:4      | Reached XP level 6. HP: 41/51 MP: 5/5
  2825 | D:4      | Noticed Edmund
  2838 | D:4      | HP: 2/51 [Edmund/+5 dire flail of protection (4)]
  2840 | D:4      | Killed Edmund
  2841 | D:4      | Reached skill level 8 in Axes
  3020 | D:4      | Noticed Sigmund
  3448 | D:4      | Found a basalt altar of Yredelemnul.
  3448 | D:4      | Found a blossoming altar of Fedhas.
  3471 | D:4      | Found a stormy altar of Qazlal.
  3474 | D:4      | Found a sacrificial altar of Ru.
  3476 | D:4      | Found a shimmering blue altar of Sif Muna.
  3487 | D:4      | Became a worshipper of Qazlal Stormbringer
  3530 | D:5      | Entered Level 5 of the Dungeon
  3553 | D:5      | Reached skill level 9 in Axes
  3555 | D:5      | Reached XP level 7. HP: 38/57 MP: 6/6
  3922 | D:5      | Found a burning altar of Makhleb.
  4054 | D:5      | Reached skill level 10 in Axes
  4723 | D:6      | Reached XP level 8. HP: 55/67 MP: 7/7
  4847 | D:6      | Reached skill level 5 in Fighting
  4847 | D:6      | Reached skill level 11 in Axes
  4945 | D:6      | Found a sand-covered staircase.
  5010 | D:6      | Noticed a kobold demonologist
  5015 | D:6      | Reached skill level 5 in Armour
  5022 | D:6      | Noticed a red devil
  5029 | D:6      | Killed a kobold demonologist
  5053 | D:6      | Noticed a kobold demonologist
  5090 | D:6      | Killed a kobold demonologist
  5091 | D:6      | Reached skill level 12 in Axes
  5091 | D:6      | Reached XP level 9. HP: 35/75 MP: 8/8
  5125 | D:6      | Reached * piety under Qazlal
  5153 | Ossuary  | Entered an ossuary
  5535 | Ossuary  | Reached ** piety under Qazlal
  5828 | D:6      | Noticed Prince Ribbit
  5874 | D:6      | Killed Prince Ribbit
  6124 | D:6      | Reached skill level 1 in Invocations
  6330 | D:7      | Found a sparkling altar of Nemelex Xobeh.
  6400 | D:7      | Paralysed by a hornet for 2 turns
  6671 | D:7      | Reached skill level 13 in Axes
  7150 | D:8      | Noticed a troll
  7151 | D:8      | Identified the +1 pair of boots of the Little Devil {Harm
                  | rF- Int+2 Dex+2}
  7202 | D:8      | Reached XP level 10. HP: 64/88 MP: 12/12
  7528 | D:8      | Noticed a two-headed ogre
  7539 | D:8      | Killed a two-headed ogre
  7540 | D:8      | Reached skill level 14 in Axes
  7972 | D:8      | Reached *** piety under Qazlal
  9341 | D:9      | Reached skill level 15 in Axes
  9536 | D:9      | Identified the ring "Zaipp" {Ice rN+ rCorr Int+4}
  9764 | D:10     | Entered Level 10 of the Dungeon
  9818 | D:10     | Reached skill level 5 in Invocations
  9818 | D:10     | Reached XP level 11. HP: 88/97 MP: 13/13
  9916 | D:10     | Noticed a skeletal warrior
  9916 | D:10     | Noticed a skeletal warrior
  9958 | D:10     | Noticed a skeletal warrior
 10618 | D:10     | Found a staircase to the Lair.
 10676 | D:10     | Slain by a skeletal warrior

Illustrated notes

Levels and vault maps discovered:
D:1:      onia_arrival_handbag, layout_basic, grunt_decor_arrowhead,
          st_stairs_12, chequers_serial_rivers_micro_d, minivault_19
D:2:      layout_basic, cheibrodos_gnoll_hut
D:3:      layout_loops_corners, uniq_natasha
D:4:      layout_cave_pools, chequers_temple_overflow_minitemple,
          minmay_temple_entry_poolview, sigmund_edmund_badplayer
D:5:      layout_loops_corners, makhleb_blood_cavern_becter
D:6:      layout_basic, nicolae_ossuary_entry_false_entrances,
          uniq_prince_ribbit1
D:7:      layout_rooms, nicolae_overflow_hidden_temple
D:8:      layout_gridville
D:9:      layout_roguey
D:10:     layout_irregular_city, grunt_dithmenos_shadows, lair_entry_dummy,
          grunt_ministairs_11, kennysheep_decorative_pillar

Skill      XL: |  1  2  3  4  5  6  7  8  9 10 |
---------------+-------------------------------+-----
Shields        | 4 |  4.0
Axes           | 3 5 6 7 9 10 12 13 15 | 15.6
Fighting       | 4 6 7 9 |  9.6
Armour         | 4 6 7 9 |  9.0
Invocations    | 4 5 |  5.4

Action                     |  1- 3 |  4- 6 |  7- 9 | 10-12 || total
---------------------------+-------+-------+-------+-------++-------
  Melee: War axe           |    72 |   123 |   289 |   249 ||   733
         Headbutt          |    16 |    22 |    58 |    55 ||   151
  Throw: Dart              |       |       |     2 |     2 ||     4
 Armour: Scale mail        |    26 |       |       |       ||    26
         Plate armour      |     3 |    53 |   126 |    83 ||   265
  Dodge: Dodged            |    35 |    32 |    58 |    60 ||   185
  Block: Buckler           |    10 |    22 |    69 |    66 ||   167
